 Dungeon Crawl Stone Soup version 0.29.0-4-gdea44cf6ec (webtiles) character file.

Game seed: 660289967250467110

409 qw the Chopper (level 6, 0/35 HPs)
             Began as a Tengu Warper on Aug 28, 2022.
             Slain by Edmund
             ... wielding a +3 vorpal flail
              (1 damage)
             ... on level 5 of the Dungeon.
             The game lasted 00:00:24 (4861 turns).

qw the Chopper (Tengu Warper)                       Turns: 4861, Time: 00:00:25

Health: 0/35       AC: 12    Str: 14    XL:     6   Next: 89%
Magic:  10/10      EV:  5    Int: 13    God:
Gold:   299        SH:  5    Dex: 13    Spells: 9/9 levels left

rFire   . . .      SeeInvis .   Y - +0 hand axe
rCold   . . .      Faith    .   (no shield)
rNeg    . . .      Spirit   .   d - +1 plate armour
rPois   .          Reflect  +   (helmet restricted)
rElec   .          Harm     .   (no cloak)
rCorr   .          Rampage  .   (no gloves)
Will    .....                   (boots unavailable)
Stlth   ..........              n - amulet of reflection
HPRegen 0.11/turn               (no ring)
MPRegen 0.12/turn               (no ring)

@: about to teleport, flying quickly and evasively, quick
A: beak, talons 3, nimble flight, antennae 1, claws 1, subdued magic 1
a: no special abilities


You were on level 5 of the Dungeon.
You visited 1 branch of the dungeon, and saw 5 of its levels.

You collected 299 gold pieces.


Innate Abilities, Weirdness & Mutations

You have a beak for a mouth.
You have claws for feet.
Your magical nature lets you fly swiftly and evasively.
You have a pair of small antennae on your head.
You have sharp fingernails.
Your spells are a little easier to cast, but a little less powerful.


   Skills:
 + Level 2.2 Fighting
 - Level 7.4 Axes
 - Level 1.0 Throwing
 - Level 2.3 Armour
 - Level 2.1 Dodging
 - Level 2.0 Spellcasting
 - Level 2.4 Translocations


You had 9 spell levels left.
You didn't know any spells.
Your spell library contained the following spells:

 Spells                   Type           Power      Damage    Failure   Level
 Blink                    Tloc           10%        N/A       100%        2
 Gell's Gravitas          Tloc           5%         N/A       100%        3
 Lesser Beckoning         Tloc           5%         N/A       100%        3
 Teleport Other           Tloc           5%         N/A       100%        3
 Manifold Assault         Tloc           5%         N/A       100%        5

Inventory:

Hand Weapons
 i - a +0 whip
 Y - a +0 hand axe (weapon)
Missiles
 j - 5 boomerangs
 m - a silver boomerang (quivered)
Armour
 d - a +1 plate armour (worn)
 e - a +0 buckler
Jewellery
 c - a ring of ice
 n - an amulet of reflection (around neck)
Scrolls
 a - 2 scrolls of identify
Potions
 f - a potion of resistance
 g - a potion of curing
 h - a potion of heal wounds {unknown}
 k - a potion of berserk rage {unknown}
 o - a potion of haste {unknown}

Dungeon Overview and Level Annotations

Branches:
Dungeon (5/15)
 Temple: D:4-7

Altars:
Hepliaklqana
Ru
Zin

Annotations:
D:5 Edmund


Message History

Throw: boomerang (silver)
Press: ? - help, Q - select action, (/) - cycle Shift-Dir - straight line, f/p - Edmund You throw a silver boomerang.
The silver boomerang closely misses Edmund.
You closely miss Edmund. You claw Edmund, but do no damage. You peck Edmund.
Edmund is lightly wounded.
4852 ||| RIP SEWER The walls and floor vibrate strangely for a moment.
Edmund hits you with a +3 vorpal flail!
4853 ||| PLANNING D:1-11 You hit Edmund but do no damage.
Your kick misses Edmund. Your peck misses Edmund.
Edmund is lightly wounded.
You block Edmund's attack.
You hit Edmund but do no damage.
Edmund is lightly wounded.
You hit Edmund but do no damage. Your kick misses Edmund.
You claw Edmund, but do no damage.
Edmund is lightly wounded.
Edmund barely misses you.
You hit Edmund. You claw Edmund. You peck Edmund.
Edmund is moderately wounded.
Edmund barely misses you.
You hit Edmund but do no damage.
Edmund is moderately wounded.
Edmund hits you with a +3 vorpal flail!
You hit Edmund but do no damage. You claw Edmund.
Edmund is moderately wounded.
Edmund hits you with a +3 vorpal flail.
You closely miss Edmund. Your kick misses Edmund. You peck Edmund.
Edmund is heavily wounded.
Edmund barely misses you.
You hit Edmund but do no damage. You claw Edmund. You peck Edmund.
Edmund is heavily wounded.
Edmund hits you with a +3 vorpal flail.
4861 ||| READING scroll of teleportation.
As you read the scroll of teleportation, it crumbles to dust.
You feel strangely unstable. Edmund hits you with a +3 vorpal flail.
You die...

##...........
#....^........
#######.............
#...................
#######.............
###.............
#...............
#########...............
......@@.....###.#####.
.~~~~~~~~~...#...#
.~.......~.....###
.~.~~~~~.~...### ....
.~.~_..~.~...# #....
.~.~~~.~.~...## #....
.~.....~......### #....
.~~~~~~~~~..%...## #....
....~.####..# #...


You could see Edmund.

Vanquished Creatures
  Grinder (D:5)
  A scorpion (D:5)
  6 adders
  2 worms
  4 dart slugs
  4 orcs
  5 ball pythons
  2 bats
  8 endoplasms
  A giant cockroach (D:2)
  7 hobgoblins
  5 jackals
  6 quokkas
  4 frilled lizards
  7 goblins
  5 kobolds
  5 rats
73 creatures vanquished.

Notes
Turn   | Place    | Note
-------+----------+-------------------------------------------
     0 | D:1      | qw the Tengu Warper began the quest for the Orb.
     0 | D:1      | Reached XP level 1. HP: 12/12 MP: 4/4
     0 | D:1      | 0 ||| qw: Version: 0.1-a-89-g26bdef1
     0 | D:1      | 0 ||| qw: Game counter: 2530
     0 | D:1      | 0 ||| qw: Always use a shield: true
     0 | D:1      | 0 ||| qw: God list: Okawaru
     0 | D:1      | 0 ||| qw: Allow faded altars: false
     0 | D:1      | 0 ||| qw: Do Orc after D:15 true
     0 | D:1      | 0 ||| qw: Do second Lair branch before Depths: true
     0 | D:1      | 0 ||| qw: Lair rune preference: random
     0 | D:1      | 0 ||| qw: Plans: Normal
     0 | D:1      | 0 ||| PLANNING D:1-11
    90 | D:1      | Found a faded altar of an unknown god.
   246 | D:1      | Reached XP level 2. HP: 17/17 MP: 6/6
   254 | D:1      | Reached skill level 3 in Axes
   850 | D:1      | 850 ||| READING scroll labelled GOTSIN UBACVO.
   851 | D:1      | 851 ||| READING scroll labelled JIOMULUFOI.
   852 | D:1      | 852 ||| DRINKING 2 orange potions.
   853 | D:1      | 853 ||| DROPPING scroll of blinking.
   934 | D:2      | 934 ||| DROPPING +0 club.
   991 | D:2      | 991 ||| Stepping ~*~*~tactically~*~*~ (stealth).
  1095 | D:2      | 1095 ||| Stepping ~*~*~tactically~*~*~ (water).
  1099 | D:2      | HP: 2/17 [ball python (3)]
  1451 | D:2      | 1451 ||| Stepping ~*~*~tactically~*~*~ (stealth).
  1455 | D:2      | Reached XP level 3. HP: 18/21 MP: 7/7
  1457 | D:2      | 1457 ||| Stepping ~*~*~tactically~*~*~ (stealth).
  1535 | D:2      | 1535 ||| FLEEEEING.
  1587 | D:2      | 1587 ||| Stepping ~*~*~tactically~*~*~ (stealth).
  1589 | D:2      | 1589 ||| Stepping ~*~*~tactically~*~*~ (stealth).
  1598 | D:2      | Reached skill level 4 in Axes
  1975 | D:2      | 1975 ||| FLEEEEING.
  1976 | D:2      | 1976 ||| FLEEEEING.
  1977 | D:2      | 1977 ||| FLEEEEING.
  1978 | D:2      | 1978 ||| FLEEEEING.
  1979 | D:2      | 1979 ||| FLEEEEING.
  2284 | D:2      | 2284 ||| UPGRADING to +0 plate armour.
  2294 | D:2      | 2294 ||| DROPPING +0 leather armour.
  2295 | D:2      | 2295 ||| READING scroll of enchant armour.
  2295 | D:2      | 2295 ||| ENCHANTING +0 plate armour.
  2296 | D:2      | 2296 ||| DROPPING ring of flight.
  2297 | D:2      | 2297 ||| READING scroll labelled MAEMAH WAQO.
  2298 | D:2      | 2298 ||| READING scroll labelled RUVOITTIWI.
  2302 | D:2      | 2302 ||| READING 4 scrolls of identify.
  2302 | D:2      | 2302 ||| IDENTIFYING bubbling inky potion
  2303 | D:2      | 2303 ||| READING 3 scrolls of identify.
  2303 | D:2      | 2303 ||| IDENTIFYING bubbling clear potion
  2304 | D:2      | 2304 ||| READING 2 scrolls of identify.
  2304 | D:2      | 2304 ||| IDENTIFYING purple potion
  2305 | D:2      | 2305 ||| DROPPING potion of brilliance.
  2306 | D:2      | 2306 ||| DROPPING potion of degeneration.
  2307 | D:2      | 2307 ||| DROPPING potion of attraction.
  2432 | D:3      | Reached XP level 4. HP: 26/26 MP: 8/8
  2804 | D:3      | Found a glowing silver altar of Zin.
  3049 | D:3      | 3049 ||| Stepping ~*~*~tactically~*~*~ (hiding).
  3306 | D:3      | 3306 ||| DROPPING scarf of harm.
  3307 | D:3      | 3307 ||| UPGRADING to amulet of reflection.
  3312 | D:3      | 3312 ||| READING scroll labelled BAGGUU PESOMM.
  3313 | D:3      | 3313 ||| READING scroll labelled KUBBIO FAYLUMP.
  3314 | D:3      | 3314 ||| DRINKING 2 puce potions.
  3661 | D:4      | 3661 ||| Stepping ~*~*~tactically~*~*~ (stealth).
  3800 | D:4      | Reached skill level 5 in Axes
  3800 | D:4      | Gained mutation: Your magical nature lets you fly swiftly
                  | and evasively. [Tengu growth]
  3800 | D:4      | Reached XP level 5. HP: 30/30 MP: 9/9
  3930 | D:4      | 3930 ||| READING 2 scrolls labelled VIKHOERUOKU.
  4067 | D:4      | 4067 ||| DROPPING scroll of torment.
  4086 | D:5      | Entered Level 5 of the Dungeon
  4087 | D:5      | 4087 ||| PLANNING SEWER
  4087 | D:5      | 4087 ||| STAIRDANCE
  4252 | D:5      | HP: 7/30 [poisoned by a scorpion]
  4253 | D:5      | 4253 ||| STAIRDANCE
  4256 | D:4      | HP: 3/30 [poisoned by a scorpion]
  4541 | D:5      | Noticed Grinder
  4544 | D:5      | Paralysed by Grinder for 3 turns
  4554 | D:5      | Killed Grinder
  4555 | D:5      | Reached skill level 7 in Axes
  4555 | D:5      | Reached XP level 6. HP: 13/35 MP: 10/10
  4581 | D:5      | 4581 ||| FLEEEEING.
  4582 | D:5      | 4582 ||| FLEEEEING.
  4597 | D:5      | 4597 ||| FLEEEEING.
  4598 | D:5      | 4598 ||| STAIRDANCE
  4749 | D:4      | 4749 ||| DRINKING 2 smoky purple potions.
  4749 | D:4      | Gained mutation: You are frail. (-10% HP) [potion of
                  | mutation]
  4749 | D:4      | Gained mutation: Your natural rate of healing is unusually
                  | fast. [potion of mutation]
  4750 | D:4      | 4750 ||| DRINKING potion of mutation.
  4750 | D:4      | Lost mutation: Your natural rate of healing is unusually
                  | fast. [potion of mutation]
  4750 | D:4      | Lost mutation: You are frail. (-10% HP) [potion of
                  | mutation]
  4750 | D:4      | Gained mutation: You have a pair of small antennae on your
                  | head. [potion of mutation]
  4750 | D:4      | Gained mutation: Your spells are a little easier to cast,
                  | but a little less powerful. [potion of mutation]
  4750 | D:4      | Gained mutation: You have sharp fingernails. [potion of
                  | mutation]
  4814 | D:5      | Found a hazy altar of Hepliaklqana.
  4841 | D:5      | Found a sacrificial altar of Ru.
  4845 | D:5      | Noticed Edmund
  4852 | D:5      | 4852 ||| RIP SEWER
  4853 | D:5      | 4853 ||| PLANNING D:1-11
  4860 | D:5      | HP: 7/35 [Edmund/+3 vorpal flail (5)]
  4861 | D:5      | 4861 ||| READING scroll of teleportation.
  4861 | D:5      | HP: 1/35 [Edmund/+3 vorpal flail (4)]
  4861 | D:5      | Slain by Edmund

Levels and vault maps discovered:
D:1:      dpeg_arrival_shelter, layout_basic,
          shapermc_ecumenical_altar_starsandcircs, minmay_misc_feat_cross
D:2:      layout_basic, chequers_big_river, minivault_25
D:3:      layout_basic, zin_statuary
D:4:      layout_gridville
D:5:      layout_rooms, mainiacjoe_overflow_catwalk_spiral, temple_pool_b,
          cheibrodos_sewer_entry_drain, uniq_edmund, uniq_grinder

Skill      XL: |  1  2  3  4  5 |
---------------+----------------+-----
Axes           | 3 4 5 7 |  7.4
Armour         | 2 |  2.3
Fighting       | |  2.2
Throwing       | |  1.0
Dodging        | |  2.1
Spellcasting   | |  2.0
Translocations | |  2.4

Action                   |  1- 3 |  4- 6 || total
-------------------------+-------+-------++-------
Melee: Hand axe          |    53 |    99 ||   152
       Kick              |    10 |    21 ||    31
       Peck              |     6 |    17 ||    23
       Punch             |       |     1 ||     1
Throw: Boomerang         |    45 |    44 ||    89
  Use: Scroll            |     8 |     4 ||    12
       Potion            |     1 |     3 ||     4
Armor: Leather armour    |     4 |       ||     4
       Plate armour      |     7 |    74 ||    81
Dodge: Dodged            |    18 |    20 ||    38
Block: Other             |       |    20 ||    20

Table legend:
 A = Non-vault XP
 B = Vault XP
 C = Vault XP percentage of total XP
 D = Non-vault monster count
 E = Vault monster count
 F = Vault count percentage of total count
                 A         B        C        D         E       F
            +---------+---------+-------+---------+---------+-------
      Total |     297 |     288 |  49.2 |      70 |       3 |   4.1
            +---------+---------+-------+---------+---------+-------
        D:1 |      21 |       0 |   0.0 |      13 |       0 |   0.0
        D:2 |      36 |       0 |   0.0 |      18 |       0 |   0.0
        D:3 |      66 |       0 |   0.0 |      19 |       0 |   0.0
        D:4 |      62 |       0 |   0.0 |      14 |       0 |   0.0
        D:5 |     112 |     288 |  72.0 |       6 |       3 |  33.3
            +---------+---------+-------+---------+---------+-------
